 Dungeon Crawl Stone Soup version 0.17.2-1-ge4368a0 (webtiles) character file.

39 Goblin1989 the Sneak (level 3, -1/20 HPs)
             Began as a Kobold Earth Elementalist on Oct 16, 2016.
             Was an Initiate of Ashenzari.
             Slain by a human zombie (8 damage)
             ... in an ossuary.
             The game lasted 00:13:18 (633 turns).

Goblin1989 the Sneak (Kobold Earth Elementalist)     Turns: 633, Time: 00:13:19

Health: -1/20      AC:  3    Str:  7    XL:     3   Next: 70%
Magic:  6/6        EV: 15    Int: 13    God:    Ashenzari [......]
Gold:   48         SH:  0    Dex: 16    Spells: 2 memorised, 3 levels left

rFire  . . .     SeeInvis .     a - +0 hand axe
rCold  . . .     Clarity  .     f - +0 robe
rNeg   . . .     SustAt   .     (shield restricted)
rPois  .         Gourm    .     (no helmet)
rElec  .         Spirit   .     g - +0 cloak
rCorr  .         Warding  .     (no gloves)
rMut   .         Stasis   .     (no boots)
MR     .....                    (no amulet)
Stlth  +++.......               (no ring)
                                (no ring)

@: marked, not resistant to hostile enchantments, fairly stealthy
A: carnivore 3
a: Renounce Religion


You were in an ossuary.
You worshipped Ashenzari.
Ashenzari was noncommittal.
You were very full.

You visited 1 branch of the dungeon, and saw 4 of its levels.
You also visited: Ossuary.

You collected 48 gold pieces.

Inventory:

Hand Weapons
 a - a +0 hand axe (weapon)
Missiles
 b - 8 stones (quivered)
Armour
 f - a +0 robe (worn)
 g - a +0 cloak (worn)
Scrolls
 h - a scroll of immolation {unknown}
Potions
 e - a potion of brilliance {unknown}
Books
 c - a book of Geomancy

   Spells                             Type                      Level
   a - Sandblast                      Earth                        1
   b - Stoneskin                      Transmutation/Earth          2
   c - Passwall                       Transmutation/Earth          3
   d - Stone Arrow                    Conjuration/Earth            3
   e - Petrify                        Transmutation/Earth          4
   f - Lee's Rapid Deconstruction     Earth                        5
Comestibles
 d - 2 meat rations {@e2}


   Skills:
 - Level 1.2 Fighting
 + Level 1.4 Axes
 - Level 2.9 Dodging
 - Level 3.4 Stealth
 - Level 2.0 Spellcasting
 - Level 0.8 Transmutations
 - Level 3.0 Earth Magic


You had 3 spell levels left.
You knew the following spells:

 Your Spells              Type           Power        Failure   Level  Hunger
a - Sandblast             Erth           #.....       10%         1    ##.....
b - Stoneskin             Trmt/Erth      #.......     21%         2    ###....


Dungeon Overview and Level Annotations

Branches:
Dungeon (4/15)
 Temple: D:4-7

Altars:
Ashenzari
Makhleb
Nemelex Xobeh
Ru
Sif Muna
Trog
Zin

Annotations:
D:4 Blork the orc


Innate Abilities, Weirdness & Mutations

You are small and have problems with some larger weapons.
You are carnivorous and can eat meat at any time.


Message History

A sentinel's mark forms upon you.
The alarm trap emits a blaring wail!
The mark upon you grows brighter.
Found a gate leading back out of this place.
You found an alarm trap!
A human zombie comes into view. 2 zombies come into view.
A centaur zombie comes into view.
An adder zombie comes into view.
The human zombie closely misses you.
A hobgoblin zombie comes into view.
You hit the human zombie. The human zombie closely misses you.
A goblin zombie comes into view.
You hit the human zombie.
The human zombie hits you but does no damage.
A big kobold zombie comes into view.
You barely miss the human zombie. The human zombie misses you.
You hit the human zombie. You hit the centaur zombie.
The centaur zombie barely misses you. The human zombie hits you!
You die...

ਜ....................ਜ
ਜ....................ਜ
ਜ........8..8........ਜ
ਜ....................ਜ
ਜ...ਜਜਜਜਜਜ.^ਜਜਜਜਜਜ...ਜ
ਜ...ਜ ਜ..ਜ ਜ...ਜ ਜ...ਜ
ਜ..ਜ ਜ...ਜ
ਜ...ਜ.ਜਜਜਜ.^ਜਜਜਜ.ਜ...ਜ
ਜ...ਜZZZ@Z.Z..ZZ.ਜ...ਜ
ਜ...ਜZਜਜਜਜZ......ਜ...ਜ
ਜ...ਜ ਜ.......ਜ...ਜ
ਜ...ਜ ਜ.......ਜ...ਜ
ਜ...ਜ ਜ.∩.....ਜ...ਜ
ਜ...ਜ ....▲ਜਜਜਜ...ਜ
ਜ...ਜ ਜ...ਜ ਜ...ਜ
ਜ...ਜ ...ਜ ਜ...ਜ
ਜ...ਜਜਜਜਜਜਜਜਜਜਜਜਜਜ...ਜ


You could see an adder zombie, a goblin zombie, 2 hobgoblin zombies, 2 big
kobold zombies, a centaur zombie and 2 human zombies.

Vanquished Creatures
  An ooze (D:2)
  A worm (D:2)
  2 orcs (D:3)
  2 bats
  2 giant cockroaches (D:2)
  A hobgoblin (D:3)
  2 kobolds (D:2)
  A quokka (D:3)
  A goblin (D:2)
  2 hobgoblin zombies (Ossuary)
  8 kobold zombies (Ossuary)
  10 orc zombies (Ossuary)
  A rat (D:2)
34 creatures vanquished.

Notes
Turn   | Place    | Note
--------------------------------------------------------------
     0 | D:1      | Goblin1989 the Kobold Earth Elementalist began the quest for the Orb.
     0 | D:1      | Reached XP level 1. HP: 10/10 MP: 3/3
   195 | D:2      | Reached XP level 2. HP: 16/16 MP: 3/5
   206 | D:2      | Reached skill level 1 in Fighting
   275 | D:3      | Found a deep blue altar of Sif Muna.
   277 | D:3      | Found a glowing silver altar of Zin.
   287 | D:3      | Found a shattered altar of Ashenzari.
   287 | D:3      | Found a sacrificial altar of Ru.
   288 | D:3      | Found a bloodstained altar of Trog.
   289 | D:3      | Found a burning altar of Makhleb.
   290 | D:3      | Found a sparkling altar of Nemelex Xobeh.
   295 | D:3      | Became a worshipper of Ashenzari the Shackled
   348 | D:3      | Learned a level 2 spell: Stoneskin
   437 | D:2      | Reached XP level 3. HP: 20/20 MP: 3/6
   506 | D:4      | Found a sand-covered staircase.
   507 | D:4      | Noticed Blork the orc
   516 | Ossuary  | Entered an ossuary
   530 | Ossuary  | Reached skill level 1 in Axes
   633 | Ossuary  | Slain by a human zombie

Action                   || total
-------------------------++-------
Melee: Hand axe          ||    57
 Cast: Sandblast         ||    26
  Eat: Chunk             ||     7

Vault maps used:
D:1:      tarquinn_simple_flora_water_b, corexii_leaking_fountain,
          minmay_surrounded
D:3:      grunt_temple_overflow_open, grunt_temple_overflow_cloverleaf
D:4:      okawaru_altar_gauntlet_db, serial_shops, shop,
          nicolae_ossuary_entry_monument, uniq_blork_the_orc
Ossuary:  ossuary_tomb_1
